 Dungeon Crawl Stone Soup version 0.28-a0-773-g130ae17fe5 (webtiles) character file.

Game seed: 15882119878644753937

366 ytrimaz the Ducker (level 6, -6/48 HPs)
             Began as a Demonspawn Gladiator on Nov 1, 2021.
             Killed from afar by a white imp (7 damage)
             ... with a puff of frost
             ... on level 5 of the Dungeon.
             The game lasted 00:06:03 (4099 turns).

ytrimaz the Ducker (Demonspawn Gladiator)           Turns: 4099, Time: 00:06:03

Health: -6/48      AC: 12    Str: 16    XL:     6   Next: 40%
Magic:  6/6        EV:  8    Int:  9    God:
Gold:   186        SH:  0    Dex: 15    Spells: 5/5 levels left

rFire   . . .      SeeInvis .   a - +0 flail
rCold   . . .      Faith    .   (no shield)
rNeg    . . .      Spirit   .   f - +0 chain mail
rPois   .          Reflect  .   c - +0 helmet
rElec   .          Harm     .   i - +0 cloak
rCorr   .          Rampage  .   g - +0 pair of gloves
Will    .....                   (no boots)
Stlth   ..........              (no amulet)
HPRegen 0.16/turn               (no ring)
MPRegen 0.10/turn               (no ring)

@: no status effects
A: demonic touch 1
a: no special abilities


You were on level 5 of the Dungeon.
You visited 1 branch of the dungeon, and saw 7 of its levels.

You collected 186 gold pieces.

Inventory:

Hand Weapons
 a - a +0 flail (weapon)
Armour
 c - a +0 helmet (worn)
 f - a +0 chain mail (worn)
 g - a +0 pair of gloves (worn)
 i - a +0 cloak (worn)
Scrolls
 e - a scroll of teleportation
 h - 4 scrolls of identify
Potions
 b - 5 potions of curing
 j - a potion of cancellation


   Skills:
 * Level 3.7 Fighting
 - Level 2.6 Maces & Flails
 - Level 1.7 Throwing
 * Level 3.6 Armour
 * Level 4.4 Dodging


You had 5 spell levels left.
You didn't know any spells.
Your spell library contained the following spells:

 Spells                   Type           Power      Damage    Failure   Level
 Freeze                   Ice            0%         1d3       100%        1
 Magic Dart               Conj           0%         1d3       100%        1
 Call Imp                 Summ           0%         N/A       100%        2
 Frozen Ramparts          Ice            0%         1d2       100%        3
 Mephitic Cloud           Conj/Pois/Air  0%         N/A       100%        3
 Hailstorm                Conj/Ice       0%         3d3       100%        4


Dungeon Overview and Level Annotations

Branches:
Dungeon (7/15)
 Temple: D:4-7

Altars:


Innate Abilities, Weirdness & Mutations

Your touch may inflict minor irresistible damage on your foes.


Message History

You hit the ogre.
You touch the ogre.
The ogre is moderately wounded.
The ogre hits you with a +0 giant club!!
* * * LOW HITPOINT WARNING * * *
You hit the ogre.
The ogre is moderately wounded.
The ogre barely misses you.
Okay, then.
A white imp comes into view.
The white imp shouts, "Scamper away, thou tottering shard-borne bootlicker!"
Unknown command.
Found a stone staircase leading down.
The white imp gestures at you. The puff of frost misses you.
The white imp shouts, "Turn tail, thou defiled rump-fed canker-blossom!"
The white imp gestures at you.
The puff of frost hits you but does no damage.
The white imp gestures at you.
The puff of frost hits you but does no damage.
There are no items here.
Found an opal ring.
The white imp hits you but does no damage.
The white imp gestures at you. The puff of frost hits you.
You see here a +6 ring of intelligence.
The white imp grinds its teeth.
The white imp gestures at you. The puff of frost hits you!
* * * LOW HITPOINT WARNING * * *
Unknown command.
You see here a hound skeleton.
The white imp gestures at you. The puff of frost misses you.
The white imp gestures at you.
The puff of frost hits you but does no damage.
The ogre hits you with a +0 giant club!
* * * LOW HITPOINT WARNING * * *
The white imp gestures at you. The puff of frost hits you!
You die...

... #. #.# #.#.#
..# #..
#.##.####.#.##.##
# #.#.5...#.....
.. .###.#.....#..#
.................#
...###.#.....#..#
#.......O÷>..#..#
.##.....#.##..#
#.@...#.....+
#.#.#####...#
#.#... ....#
#.###.#.##..# #.
... ..# #. .## .#
#. # #.


You could see an ogre and a white imp.

Vanquished Creatures
  Sigmund (D:2)
  A hound (D:5)
  A jelly (D:6)
  An orc priest (D:3)
  A scorpion zombie (D:5)
  An adder (D:2)
  A shadow imp (D:6)
  7 orcs
  4 endoplasms
  4 giant cockroaches (D:1)
  4 goblins
  8 hobgoblins
  8 kobolds
  5 quokkas
  5 ball pythons
  7 bats
  2 frilled lizards
  6 rats
67 creatures vanquished.

Notes
Turn   | Place    | Note
-------+----------+-------------------------------------------
     0 | D:1      | ytrimaz the Demonspawn Gladiator began the quest for the
                  | Orb.
     0 | D:1      | Reached XP level 1. HP: 16/16 MP: 1/1
   493 | D:1      | Reached skill level 3 in Dodging
   723 | D:1      | Gained mutation: Your touch may inflict minor irresistible
                  | damage on your foes. [demonic ancestry]
   723 | D:1      | Reached XP level 2. HP: 22/22 MP: 2/2
  1322 | D:1      | Reached skill level 1 in Armour
  1331 | D:1      | Reached XP level 3. HP: 28/28 MP: 3/3
  1791 | D:2      | Noticed Sigmund
  1798 | D:2      | Killed Sigmund
  1799 | D:2      | Reached skill level 4 in Dodging
  1799 | D:2      | Reached XP level 4. HP: 35/35 MP: 4/4
  1799 | D:2      | Reached XP level 5. HP: 41/41 MP: 5/5
  2557 | D:3      | Reached XP level 6. HP: 28/47 MP: 6/6
  3024 | D:3      | Found a faded altar of an unknown god.
  3316 | D:4      | You fall into a shaft and drop 3 floors!
  3316 | D:7      | Noticed an ice beast
  3322 | D:7      | Noticed a steam dragon
  3680 | D:5      | Entered Level 5 of the Dungeon
  4098 | D:5      | HP: 1/48 [ogre (11)]
  4099 | D:5      | Killed from afar by a white imp

Illustrated notes

Levels and vault maps discovered:
D:1:      tarquinn_simple_flora_water_c, layout_basic,
          chequers_serial_rivers_micro_c
D:2:      layout_rooms, minmay_distorted, uniq_sigmund
D:3:      layout_loops_ring, hellmonk_ecumenical_altar_lost_god,
          minmay_misc_feat_alley, serial_bayou_crossing
D:4:      layout_loops_ring, serial_glass, glass_columns_b, glass_columns_b,
          minmay_strange_pillars, feat_on_display
D:5:      layout_loops_ring, minmay_temple_entry_hall,
          chequers_serial_rivers_micro_b, minmay_quadrilaterals, uniq_menkaure
D:6:      layout_loops_ring, lemuel_round_altar, uniq_grinder,
          uniq_prince_ribbit1
D:7:      layout_layer_cave, minmay_a_box_with_orc_wizards_in_it

Skill      XL: |  1  2  3  4  5 |
---------------+----------------+-----
Dodging        | 3 4 |  4.4
Armour         | 1 2 3 |  3.6
Fighting       | 3 |  3.7
Maces & Flails | |  2.6
Throwing       | |  1.7

Action                   |  1- 3 |  4- 6 || total
-------------------------+-------+-------++-------
Melee: Flail             |    91 |    95 ||   186
       Touch             |    13 |    20 ||    33
Throw: Throwing net      |     3 |     2 ||     5
  Use: Scroll            |     1 |     5 ||     6
 Stab: Held in net/web   |     1 |       ||     1
Armor: Leather armour    |    28 |       ||    28
       Chain mail        |     4 |    70 ||    74
Dodge: Dodged            |    63 |    56 ||   119

Table legend: (Time is in decaauts)
 A = Elapsed time spent in this place.
 B = Non-inter-level travel time spent in this place.
 C = Inter-level travel time spent in this place.
 D = Time resting spent in this place.
 E = Time spent auto-exploring this place.
 F = Levels seen in this place.
 G = Mean time per level.
                   A        B        C        D        E       F      G
               +--------+--------+--------+--------+--------+-----+--------+
         Total |   4156 |   4107 |     49 |   1381 |   1926 |   7 |  593.7 |
       Dungeon |   4156 |   4107 |     49 |   1381 |   1926 |   7 |  593.7 |
               +--------+--------+--------+--------+--------+-----+--------+

Top non-repeatable levels by time:
     D:1: 1638 daAuts
     D:3: 999 daAuts
     D:2: 676 daAuts
     D:5: 422 daAuts
     D:6: 322 daAuts
     D:4: 54 daAuts
     D:7: 43 daAuts
